 Dungeon Crawl Stone Soup version 0.18.1-48-g4cf74bf (webtiles) character file.

222 Gargoyl the Skirmisher (level 5, 0/42 HPs)
             Began as a Demonspawn Abyssal Knight on Aug 4, 2016.
             Was a Believer of Lugonu.
             Succumbed to a scorpion's poison
             ... on level 4 of the Dungeon.
             The game lasted 00:05:30 (2785 turns).

Gargoyl the Skirmisher (Demonspawn Abyssal Knight)  Turns: 2785, Time: 00:05:31

Health: 0/42       AC: 16    Str: 14    XL:     5   Next: 66%
Magic:  6/6        EV:  4    Int: 18    God:    Lugonu [**....]
Gold:   162        SH:  0    Dex: 12    Spells: 0 memorised, 4 levels left

rFire  . . .     SeeInvis +     a - +1 hand axe
rCold  . . .     Gourm    .     f - +0 plate armour
rNeg   . . .     Faith    .     (no shield)
rPois  .         Spirit   .     (no helmet)
rElec  .         Dismiss  .     (no cloak)
rCorr  .         Reflect  .     (no gloves)
SustAt .         Harm     .     h - +0 pair of boots (curse)
MR     .....                    (no amulet)
Stlth  ..........               (no ring)
                                d - ring of see invisible

@: brilliant, lethally poisoned (0 -> -3), not resistant to hostile
enchantments, extremely unstealthy
A: claws 1, thin metallic scales 2
a: Depart the Abyss, Bend Space, Renounce Religion


You were on level 4 of the Dungeon.
You worshipped Lugonu.
Lugonu was pleased with you.
You were hungry.

You visited 1 branch of the dungeon, and saw 4 of its levels.
You visited the Abyss 1 time.

You collected 162 gold pieces.

Inventory:

Hand Weapons
 a - a +1 hand axe (weapon)
Missiles
 n - 6 tomahawks (quivered)
Armour
 f - a +0 plate armour (worn)
 h - a cursed +0 pair of boots (worn)
Jewellery
 d - a ring of see invisible (left claw)
Wands
 l - a wand of digging (13/24)
Scrolls
 e - 2 scrolls of identify
 j - a scroll of teleportation
 o - a scroll of immolation {unknown}
Potions
 b - a potion of flight
Comestibles
 c - 2 bread rations
 i - a beef jerky


   Skills:
 + Level 4.3 Fighting
 + Level 2.5 Axes
 * Level 4.0 Armour
 + Level 1.2 Dodging
 + Level 0.2 Stealth
 + Level 2.4 Invocations


You had 4 spell levels left.
You didn't know any spells.

Dungeon Overview and Level Annotations

Branches:
Dungeon (4/15)
 Temple: D:4-7

Altars:


Innate Abilities, Weirdness & Mutations

You have sharp fingernails.
You are mostly covered in thin metallic scales (AC +3).


Message History

The scorpion stings you but does no damage.
You hit the scorpion.
You kill the scorpion!
Lugonu accepts your kill.
Your Armour skill increases to level 4!
* * * LOW HITPOINT WARNING * * *
You feel sick.
* * * LOW HITPOINT WARNING * * *
You feel sick.
* * * LOW HITPOINT WARNING * * *
You feel sick.
* * * LOW HITPOINT WARNING * * *
You feel sick.
* * * LOW HITPOINT WARNING * * *
You feel sick.
* * * LOW HITPOINT WARNING * * *
You feel sick.
* * * LOW HITPOINT WARNING * * *
You feel sick.
You die...

*,**,,,*,,**,*,* *,,,,,,,,**
*,,,,#.#..##,*,* *##.....###*
*,**,,.#....,*,* *,........#
*>,,,,,.,..#**,# *,........*
,,,**,*#.#.# *.# *,,......,* *
,,,,,,*#.#.###.# ***#...##** **
,,,,,**#.......# #....## **,
,,,,,,####...#########.....####,,
,,,,,,+.........@.............+,,
,,,,,,####...##########....####,,
,,,,,** #...(..# #.......## **,
,,,,** #..###.# #.###.#.# **
,,,** #..# *.# *,* #.#.#*** *
*+** #..# *,# *,* #....,,* *,*
#..# *,* *,**###.##,* *,** #..#
*,* *,,,,,,?#*,**## ,,,** *,,*
*,* *******,..,,,..


There were no monsters in sight!

Vanquished Creatures
  A scorpion (D:4)
  Jessica (D:3)
  8 adders
  3 worms (D:2)
  2 dart slugs
  2 giant geckos
  6 bats
  A giant cockroach (D:1)
  9 goblins
  5 hobgoblins
  4 jackals (D:3)
  7 kobolds
  4 giant newts
  11 rats
64 creatures vanquished.

Notes
Turn   | Place    | Note
--------------------------------------------------------------
     0 | Abyss:1  | Gargoyl the Demonspawn Abyssal Knight began the quest for the Orb.
     0 | Abyss:1  | Reached XP level 1. HP: 18/18 MP: 2/2
    25 | Abyss:1  | Noticed a naga
    52 | Abyss:1  | Found a corrupted altar of Lugonu.
    63 | Abyss:1  | Noticed a quasit
    70 | D:1      | Escaped the Abyss
   191 | D:1      | Reached * piety under Lugonu
   292 | D:1      | Gained mutation: You have sharp fingernails. [demonic ancestry]
   292 | D:1      | Reached XP level 2. HP: 22/24 MP: 3/3
   780 | D:2      | Gained mutation: You are partially covered in thin metallic scales (AC +2). [demonic ancestry]
   780 | D:2      | Reached XP level 3. HP: 25/30 MP: 4/4
  1353 | D:2      | Reached ** piety under Lugonu
  1353 | D:2      | Reached skill level 1 in Dodging
  1455 | D:2      | Gained mutation: You are mostly covered in thin metallic scales (AC +3). [demonic ancestry]
  1455 | D:2      | Reached XP level 4. HP: 37/37 MP: 5/5
  2289 | D:3      | Noticed Jessica
  2304 | D:3      | Killed Jessica
  2304 | D:3      | Reached XP level 5. HP: 39/42 MP: 6/6
  2779 | D:4      | HP: 2/42 [poisoned by a scorpion]
  2785 | D:4      | Succumbed to a scorpion's poison

Skill      XL: |  1  2  3  4  5 |
---------------+----------------+-----
Armour         | 2 3 4 |  4.0
Axes           | 2 |  2.5
Dodging        | 1 |  1.2
Fighting       | 4 |  4.3
Stealth        | |  0.2
Invocations    | |  2.4

Action                   |  1- 3 |  4- 6 || total
-------------------------+-------+-------++-------
Melee: Hand axe          |   126 |   148 ||   274
Invok: Depart the Abyss  |     1 |       ||     1
  Use: Potion            |       |     4 ||     4
       Scroll            |       |     3 ||     3
  Eat: Chunk             |     2 |     4 ||     6
Armor: Plate armour      |   108 |   146 ||   254
Dodge: Dodged            |    28 |    41 ||    69
